 Dungeon Sprint DCSS version 0.23-a0-171-g5ae17c6 (webtiles) character file.

651 emperorscorpion the Thaumaturge (level 7, -4/44 HPs)
             Began as a Deep Elf Warper on Sept 12, 2018.
             Was a Believer of Sif Muna.
             Slain by a seven-headed hydra (5 damage)
             ... in the Dungeon (Sprint IX: "|||||||||||||||||||||||||||||").
             The game lasted 00:08:48 (427 turns).

emperorscorpion the Thaumaturge (Deep Elf Warper)    Turns: 427, Time: 00:08:49

Health: -4/44      AC:  4    Str: 11    XL:     7   Next: 28%
Magic:  17/21      EV:  2    Int: 20    God:    Sif Muna [**....]
Gold:   0          SH:  0    Dex: 17    Spells: 10/24 levels left

rFire    . . .     SeeInvis .   a - +2 halberd (venom)
rCold    . . .     Gourm    .   (shield currently unavailable)
rNeg     + + +     Faith    .   q - +0 leather armour
rPois    ∞         Spirit   .   r - +0 helmet
rElec    .         Reflect  .   (no cloak)
rCorr    .         Harm     .   (no gloves)
MR       .....     NoTele   +   (no boots)
Stlth    +.........             (no amulet)
HPRegen  0.14/turn              s - +3 ring of dexterity
MPRegen  0.17/turn              t - +3 ring of strength

@: petrified
A: no striking features
a: Divine Energy, Renounce Religion


You were in the Dungeon.
You worshipped Sif Muna.
Sif Muna was pleased with you.
You were very hungry.

You visited 1 branch

Inventory:

Hand Weapons
 a - a +2 halberd of venom (weapon)
 b - a +2 morningstar of protection
 p - a +0 spear
Missiles
 e - 5 tomahawks of dispersal (quivered)
Armour
 q - a +0 leather armour (worn)
 r - a +0 helmet (worn)
Magical Staves
 o - an uncursed staff of energy
Jewellery
 k - the ring of Internal Strife {+Fly rF+ Str+2 Int+2 Dex-5}
   (You found it in the Dungeon)

   [ring of flight]

   It affects your strength (+2).
   It affects your intelligence (+2).
   It affects your dexterity (-5).
   It protects you from fire.
   It lets you fly.
 s - a +3 ring of dexterity (left hand)
 t - a +3 ring of strength (right hand)
Scrolls
 d - 3 scrolls of blinking
 l - 3 scrolls of remove curse
 m - 2 scrolls of amnesia
 u - a scroll of immolation
 v - 6 scrolls of enchant weapon
 w - 2 scrolls of fear
Potions
 c - a potion of invisibility
 g - 7 potions of curing
 h - 5 potions of heal wounds
 i - a potion of haste
 j - 3 potions of magic
 n - a potion of resistance
Comestibles
 f - a ration


   Skills:
 + Level 4.6 Fighting
 + Level 6.5 Polearms
 + Level 1.8 Throwing
 + Level 3.3 Armour
 + Level 6.8 Dodging
 + Level 9.2 Spellcasting
 + Level 2.3 Charms
 + Level 8.3 Translocations
 + Level 3.2 Evocations


You had 10 spell levels left.
You knew the following spells:

 Your Spells              Type           Power        Failure   Level  Hunger
a - Shroud of Golubria    Chrm/Tloc      ####......   1%          2    None
b - Passage of Golubria   Tloc           N/A          3%          4    ###....
c - Teleport Other        Tloc           #####...     1%          3    None
d - Gell's Gravitas       Tloc           #####.....   1%          3    None
B - Blink                 Tloc           N/A          1%          2    None

Your spell library contained the following spells:

 Spells                   Type           Power        Failure   Level  Hunger
 Lesser Beckoning         Tloc           #####.....   1%          3    None


Dungeon Overview and Level Annotations

Branches:
Dungeon (1/1)

Altars:
Cheibriados
Dithmenos
Elyvilon
Fedhas
Gozag
Hepliaklqana
Kikubaaqudgha
Makhleb
Nemelex Xobeh
Okawaru
Qazlal
Ru
Sif Muna
Trog
Uskayaw
Vehumet
Wu Jian
Xom
Yredelemnul
Zin
The Shining One
Beogh
Jiyva
Lugonu


Message History

Your limbs are stiffening.
Casting: Blink (safe; 1% risk of failure)
Confirm with . or Enter, or press ? or * to list all spells.
You blink.
You feel less invigorated.
The seven-headed hydra enters the passage of Golubria.
The basilisk bites you!
You have turned to stone.
The blink frog gives a loud, deep croak!
The basilisk gazes at you. The basilisk bites you!
* * * LOW HITPOINT WARNING * * *
The blink frog blinks!
The seven-headed hydra bites you.
* * * LOW HITPOINT WARNING * * *
The seven-headed hydra bites you!
* * * LOW HITPOINT WARNING * * *
The seven-headed hydra completely misses you.
The seven-headed hydra bites you but does no damage.
The seven-headed hydra bites you!
* * * LOW HITPOINT WARNING * * *
The seven-headed hydra bites you!
You die...

▓▓▓▓▓▓▓▓▓▓▓▓▓▓▓▓▓▓▓▓▓▓
.D§^.(.....S.§..@Dlt.▓
▓▓▓▓▓▓▓▓▓▓▓▓▓▓▓▓▓▓▓▓^▓
.....................▓
▓▓▓▓▓▓▓▓▓▓▓▓▓▓▓▓▓▓▓▓▓▓
____'.....).....)(..<▓
▓▓▓▓▓▓▓▓▓▓▓▓▓▓▓▓▓▓▓▓▓▓


You could see a seven-headed hydra, a basilisk, a water moccasin and a
crocodile.

Vanquished Creatures
  A yak (D)
  A basilisk (D)
  A hungry ghost (D)
  A steam dragon (D)
  A gnoll sergeant (D)
  A crimson imp (D)
  An adder (D)
  A shadow imp (D)
  An adder zombie (D)
  A dart slug (D)
  3 orcs (D)
  A bat skeleton (D)
  A giant cockroach (D)
  A hobgoblin (D)
  A ball python (D)
  3 kobolds (D)
20 creatures vanquished.

Notes
Turn   | Place    | Note
-------+----------+-------------------------------------------
     0 | D        | emperorscorpion the Deep Elf Warper began the quest for the
                  | Orb.
     0 | D        | Reached XP level 1. HP: 12/12 MP: 6/6
    13 | D        | Reached skill level 1 in Armour
    20 | D        | Reached skill level 4 in Spellcasting
    31 | D        | Reached XP level 2. HP: 14/17 MP: 9/9
    66 | D        | Learned a level 2 spell: Blink
    69 | D        | Learned a level 2 spell: Shroud of Golubria
    74 | D        | Found a roughly hewn altar of Beogh.
    74 | D        | Found a snail-covered altar of Cheibriados.
    74 | D        | Found a shadowy altar of Dithmenos.
    74 | D        | Found a white marble altar of Elyvilon.
    74 | D        | Found a blossoming altar of Fedhas.
    74 | D        | Found an opulent altar of Gozag.
    75 | D        | Found a hazy altar of Hepliaklqana.
    76 | D        | Found a viscous altar of Jiyva.
    77 | D        | Found an ancient bone altar of Kikubaaqudgha.
    78 | D        | Found a corrupted altar of Lugonu.
    79 | D        | Found a burning altar of Makhleb.
    80 | D        | Found a sparkling altar of Nemelex Xobeh.
    81 | D        | Found an iron altar of Okawaru.
    82 | D        | Found a stormy altar of Qazlal.
    83 | D        | Found a sacrificial altar of Ru.
    84 | D        | Found a deep blue altar of Sif Muna.
    85 | D        | Found a bloodstained altar of Trog.
    86 | D        | Found a hide-covered altar of Uskayaw.
    87 | D        | Found a radiant altar of Vehumet.
    88 | D        | Found an ornate altar of the Wu Jian Council.
    89 | D        | Found a shimmering altar of Xom.
    90 | D        | Found a basalt altar of Yredelemnul.
    91 | D        | Found a glowing silver altar of Zin.
    92 | D        | Became a worshipper of Sif Muna the Loreminder
    93 | D        | Found a glowing golden altar of the Shining One.
   129 | D        | Noticed a gnoll sergeant
   129 | D        | Noticed a crimson imp
   129 | D        | Noticed a hungry ghost
   129 | D        | Noticed a yak
   133 | D        | Killed a yak
   133 | D        | Reached * piety under Sif Muna
   133 | D        | Reached skill level 5 in Dodging
   133 | D        | Reached skill level 6 in Spellcasting
   133 | D        | Reached skill level 1 in Charms
   133 | D        | Reached skill level 5 in Translocations
   133 | D        | Reached skill level 1 in Evocations
   133 | D        | Reached XP level 3. HP: 23/23 MP: 5/13
   133 | D        | Reached XP level 4. HP: 28/28 MP: 5/14
   133 | D        | Reached XP level 5. HP: 32/32 MP: 5/16
   134 | D        | Reached skill level 7 in Spellcasting
   144 | D        | Killed a hungry ghost
   144 | D        | Reached ** piety under Sif Muna
   144 | D        | Reached skill level 5 in Polearms
   144 | D        | Reached skill level 8 in Spellcasting
   144 | D        | Reached XP level 6. HP: 38/38 MP: 5/19
   156 | D        | Learned a level 4 spell: Passage of Golubria
   160 | D        | Learned a level 3 spell: Teleport Other
   170 | D        | Noticed a vampire mosquito
   170 | D        | Noticed a shadow
   170 | D        | Noticed a steam dragon
   170 | D        | Noticed a basilisk
   180 | D        | Killed a basilisk
   180 | D        | Reached XP level 7. HP: 36/44 MP: 4/21
   187 | D        | Killed a steam dragon
   187 | D        | Reached skill level 9 in Spellcasting
   192 | D        | Reached *** piety under Sif Muna
   325 | D        | Learned a level 3 spell: Gell's Gravitas
   356 | D        | Got the ring of Internal Strife {+Fly rF+ Str+2 Int+2
                  | Dex-5}
   369 | D        | Noticed a blink frog
   369 | D        | Noticed a basilisk
   369 | D        | Noticed a six-headed hydra
   369 | D        | Noticed a four-headed hydra
   418 | D        | Noticed a seven-headed hydra
   427 | D        | HP: 1/44 [seven-headed hydra (3)]
   427 | D        | Slain by a seven-headed hydra

Vault maps used:
D:        linesprint

Skill      XL: |  1  2  3  4  5  6  7 |
---------------+----------------------+-----
Armour         | 1 2 3 |  3.3
Dodging        | 3 5 6 |  6.8
Fighting       | 2 3 4 |  4.6
Spellcasting   | 4 6 8 9 |  9.2
Polearms       | 2 4 5 6 |  6.5
Charms         | 1 2 |  2.3
Translocations | 5 7 8 |  8.3
Evocations     | 1 2 3 |  3.2
Throwing       | |  1.8

Action                   |  1- 3 |  4- 6 |  7- 9 || total
-------------------------+-------+-------+-------++-------
Melee: Spear             |    50 |       |       ||    50
       Halberd           |       |     8 |     7 ||    15
 Cast: Blink             |     1 |     1 |     8 ||    10
       Shroud of Golubri |     1 |       |       ||     1
       Passage of Golubr |       |     2 |     5 ||     7
       Teleport Other    |       |       |    12 ||    12
       Gell's Gravitas   |       |       |     2 ||     2
Invok: Channel Magic     |       |       |     2 ||     2
Evoke: Wand              |     2 |     5 |     3 ||    10
  Use: Potion            |     1 |     1 |     2 ||     4
  Eat: Chunk             |       |       |     1 ||     1
Armor: Leather armour    |    16 |     2 |     4 ||    22
Dodge: Dodged            |    27 |     5 |    13 ||    45

Table legend:
 A = Non-vault XP
 B = Vault XP
 C = Vault XP percentage of total XP
 D = Non-vault monster count
 E = Vault monster count
 F = Vault count percentage of total count
                 A         B        C        D         E       F
            +---------+---------+-------+---------+---------+-------
      Total |       0 |     930 | 100.0 |       0 |      20 | 100.0
            +---------+---------+-------+---------+---------+-------
          D |       0 |     930 | 100.0 |       0 |      20 | 100.0
            +---------+---------+-------+---------+---------+-------
